 Dungeon Crawl Stone Soup version 0.18-a0-1-gfac8111 (webtiles) character file.

220 xeno23 the Chopper (level 5, 0/45 HPs)
             Began as a Hill Orc Gladiator on Oct 30, 2015.
             Slain by PeterLawrence's ghost (13 damage)
             ... on level 3 of the Dungeon.
             The game lasted 00:09:44 (3164 turns).

xeno23 the Chopper (Hill Orc Gladiator)             Turns: 3164, Time: 00:09:44

Health: 0/45       AC:  6    Str: 19    XL:     5   Next: 97%
Magic:  5/5        EV: 11    Int:  8    God:
Gold:   112        SH:  0    Dex: 11    Spells: 0 memorised, 4 levels left

rFire  . . .     SeeInvis .     a - +0 war axe
rCold  . . .     Clarity  .     z - +0 ring mail
rNeg   . . .     SustAt   .     (no shield)
rPois  .         Gourm    .     c - +0 helmet
rElec  .         Spirit   .     (no cloak)
rCorr  .         Warding  .     (no gloves)
rMut   .         Stasis   .     (no boots)
MR     .....                    (no amulet)
Stlth  +.........               (no ring)
                                (no ring)

@: not resistant to hostile enchantments, very unstealthy
A: no striking features
a: no special abilities


You were on level 3 of the Dungeon.
You were not hungry.

You visited 1 branch of the dungeon, and saw 3 of its levels.

You collected 112 gold pieces.

Inventory:

Hand Weapons
 a - a +0 war axe (weapon)
 n - a +0 dagger of venom
Missiles
 d - 3 throwing nets
 h - 3 tomahawks (quivered)
Armour
 c - a +0 helmet (worn)
 z - a +0 ring mail (worn)
Wands
 r - a wand of frost (18)
 x - a wand of flame (29)
Scrolls
 k - a scroll of teleportation {unknown}
 l - 3 scrolls of remove curse {unknown}
 m - a scroll of noise {unknown}
 q - a scroll of enchant armour {unknown}
 t - a scroll of identify {unknown}
 w - a scroll of blinking {unknown}
 y - a scroll of random uselessness {unknown}
Potions
 f - 3 potions of curing {unknown}
 g - a potion of heal wounds {unknown}
 i - a potion of degeneration {unknown}
 j - a potion of haste {unknown}
 o - 2 potions of might {unknown}
 p - a potion of resistance {unknown}
 s - 2 potions of cancellation {unknown}
 v - a potion of agility {unknown}
Comestibles
 e - 3 bread rations
 u - a meat ration


   Skills:
 + Level 3.5 Fighting
 * Level 6.7 Axes
 - Level 1.7 Throwing
 + Level 2.2 Armour
 + Level 3.0 Dodging


You had 4 spell levels left.
You didn't know any spells.

Dungeon Overview and Level Annotations

Branches:
Dungeon (3/15)

Altars:
Dithmenos
Gozag
Kikubaaqudgha

Annotations:
D:3 PeterLawrence's ghost, amateur GrFi


Message History

PeterLawrence's ghost screams, "To die, to sleep, no more."
PeterLawrence's ghost says, "You can hit me, but you can't hurt me."
You hit PeterLawrence's ghost but do no damage.
PeterLawrence's ghost hits you!
You take 9 damage.
You hit PeterLawrence's ghost but do no damage.
PeterLawrence's ghost barely misses you.
You barely miss PeterLawrence's ghost.
PeterLawrence's ghost barely misses you.
You barely miss PeterLawrence's ghost. PeterLawrence's ghost hits you.
PeterLawrence's ghost hits you.
* * * LOW HITPOINT WARNING * * *
You take 9 damage.
You barely miss PeterLawrence's ghost.
PeterLawrence's ghost closely misses you.
You hit PeterLawrence's ghost.
PeterLawrence's ghost is lightly damaged.
PeterLawrence's ghost whispers, "The ORB doesn't exist."
PeterLawrence's ghost hits you!
You die...

#.....#.. #...[.#..
#...))).. ####.....
#..... #..... #.....
#################.....
#....@W.........'.....
#.###############.....
#.# #..<#...........##
#.# #.#.#.#########.#
#.# #.#.#.#.....W...#
#.###.#.#.#.#########
#.#...#.#.#.#
#.#.#####.#W#
#W#.......#.#


You could see PeterLawrence's ghost.

Vanquished Creatures
  2 orc wizards (D:3)
  Jessica (D:2)
  Natasha (thrice) (D:2)
  3 adders
  3 gnolls (D:2)
  A worm (D:2)
  A giant gecko (D:2)
  3 orcs (D:3)
  A bat (D:1)
  6 goblins
  8 hobgoblins
  4 giant newts (D:1)
  7 kobolds
  5 rats
48 creatures vanquished.

Notes
Turn   | Place    | Note
--------------------------------------------------------------
     0 | D:1      | xeno23 the Hill Orc Gladiator began the quest for the Orb.
     0 | D:1      | Reached XP level 1. HP: 18/18 MP: 1/1
   209 | D:1      | Reached XP level 2. HP: 12/25 MP: 2/2
  1485 | D:2      | Reached skill level 5 in Axes
  1597 | D:2      | Reached XP level 3. HP: 8/30 MP: 3/3
  1657 | D:2      | Noticed Natasha
  1664 | D:2      | Killed Natasha
  1664 | D:2      | Reached skill level 1 in Armour
  1913 | D:2      | Found a shadowy altar of Dithmenos.
  1934 | D:2      | Noticed Jessica
  1937 | D:2      | Killed Jessica
  1937 | D:2      | Reached XP level 4. HP: 28/38 MP: 4/4
  2069 | D:2      | Found an ancient bone altar of Kikubaaqudgha.
  2135 | D:2      | Noticed Natasha
  2140 | D:2      | Killed Natasha
  2169 | D:2      | Found an opulent altar of Gozag.
  2454 | D:2      | Reached skill level 6 in Axes
  2454 | D:2      | Reached XP level 5. HP: 29/45 MP: 5/5
  2602 | D:2      | Noticed Natasha
  2606 | D:2      | Killed Natasha
  3072 | D:3      | Noticed PeterLawrence's ghost (amateur GrFi)
  3164 | D:3      | Slain by PeterLawrence's ghost

Vault maps used:
D:1:      dpeg_arrival_round_a
D:2:      overflow_temple_1_default, nicolae_dithmenos_through_a_glass_darkly,
          lemuel_crystal_altar, first_bread, fountainhead, uniq_natasha,
          uniq_jessica

Action                   |  1- 3 |  4- 6 || total
-------------------------+-------+-------++-------
Melee: War axe           |   133 |    73 ||   206
Throw: Tomahawk          |     2 |     6 ||     8
  Eat: Chunk             |     3 |     4 ||     7
